 Dungeon Crawl Stone Soup version 0.31.0-1-g2c135a008e (webtiles) character file.

Game seed: 14896156494170281151

79 qw the Shooter (level 4, -20/35 HPs)
             Began as a Djinni Hunter on Jan 24, 2024.
             Was an Initiate of Okawaru.
             Demolished by a gnoll
             ... wielding a +0 heavy halberd
              (23 damage)
             ... on level 2 of the Dungeon.
             The game lasted 00:00:03 (1001 turns).

qw the Shooter (Djinni Hunter)                      Turns: 1001, Time: 00:00:03

Health: -20/35     AC:  3    Str: 10    XL:     4   Next: 62%
Gold:   58         EV: 13    Int: 10    God:    Okawaru [......] SH:  0 Dex: 19

rFire   + + .        a - +1 shortbow
rCold   x . .        (shield currently unavailable)
rNeg    . . .        c - +0 leather armour
rPois   inf          (no helmet)
rElec   .            (no cloak)
rCorr   .            (no gloves)
SInv    .            (boots unavailable)
Will    .....        (no amulet)
Stlth   ++           (no ring)
HPRegen 0.25/turn    (no ring)
MPRegen 0.00/turn

%: infuse magic (-21 HP)
@: flying
A: sickness immunity, fire resistance 2, cold vulnerability 1, float, innate
caster, HP casting, extra vitality 1
a: Renounce Religion


You were on level 2 of the Dungeon.
You worshipped Okawaru.
Okawaru was noncommittal.
You visited 1 branch of the dungeon, and saw 2 of its levels.

You collected 58 gold pieces.


Innate Abilities, Weirdness & Mutations

You are immune to sickness and miasma.
You are immune to poison.
Your flesh is very heat resistant. (rF++)
You are vulnerable to cold. (rC-)
You float through the air rather than walking.
You learn spells naturally, not from books.
Your magical power is your life essence.
You have superior vitality. (+4 MHP)


   Skills:
 - Level 3.0 Fighting
 + Level 4.0 Ranged Weapons
 - Level 3.1 Dodging
 - Level 0.7 Stealth


You knew the following spells:

 Your Spells              Type           Power      Damage    Failure   Level
a - Sandblast             Erth           0%         2d4       45%         1
Your spell library was empty.

Inventory:

Hand Weapons
 a - a +1 shortbow (weapon)
Armour
 b - a +0 helmet
 c - a +0 leather armour (worn)
Scrolls
 d - a scroll of identify
 e - 3 scrolls of fear {unknown}
 f - a scroll of enchant armour
Potions
 h - a potion of enlightenment

Dungeon Overview and Level Annotations

Branches:
Dungeon (2/15)

Altars:
Okawaru


Message History

Found a stone staircase leading down.
There is a stone staircase leading down here.
e - 3 scrolls labelled CEIFIE MITSUEK 3 gnolls come into view.
A gnoll is wielding a +0 heavy halberd.
The gnoll shouts! x2
Enter note: You shoot an arrow.
The gnoll shouts!
The arrow hits the gnoll.
The gnoll is lightly wounded.
You shoot an arrow. The arrow hits the gnoll!
The gnoll is severely wounded.
The gnoll closely misses you.
You shoot an arrow. The arrow barely misses the gnoll.
The gnoll hits you from afar with a +0 halberd.
You shoot an arrow. The arrow hits the gnoll!
The gnoll is severely wounded.
The gnoll hits you from afar with a +0 spear!
You shoot an arrow. The arrow barely misses the gnoll.
The gnoll hits you from afar with a +0 spear.
You shoot an arrow. The arrow hits the gnoll.
You kill the gnoll!
Okawaru accepts your kill.
You shoot an arrow. The arrow hits the gnoll.
The gnoll is almost dead.
The gnoll hits you from afar with a +0 halberd.
The gnoll hits you from afar with a +0 halberd!
You shoot an arrow.
The arrow hits the gnoll but does no damage.
The gnoll is almost dead.
The gnoll hits you from afar with a +0 halberd.
You shoot an arrow. The arrow hits the gnoll.
You kill the gnoll!
Okawaru accepts your kill.
Your Dodging skill increases to level 3!
You shoot an arrow. The arrow hits the gnoll.
The gnoll is moderately wounded.
The gnoll hits you from afar with a +0 heavy halberd!!
Ouch! That really hurt!
You die...

#.## ##.....##
#.#.# #.# #.#
##...## #.#.###.#
#.# ##+##
#.......# #<#
###.##### #.# #
#.# #[# ##. #.#
##...#### #.#
.....g..# #.# #.
#@# #.#
#.###.#######>#
.##.............#
........#########
#########


You could see a gnoll.

Vanquished Creatures
  Jessica (D:2)
  2 gnolls (D:2)
  A dart slug (D:1)
  2 ball pythons (D:1)
  3 endoplasms
  3 giant cockroaches (D:2)
  3 hobgoblins (D:1)
  2 kobolds
  3 quokkas
  3 bats
  3 frilled lizards (D:1)
  2 goblins
  2 rats (D:1)
30 creatures vanquished.

Notes
Turn   | Place    | Note
-------+----------+-------------------------------------------
     0 | D:1      | qw the Djinni Hunter began the quest for the Orb.
     0 | D:1      | Reached XP level 1. HP: 18/18 MP: 0/0
     0 | D:1      | 0 ||| qw: Version: 0.3-a-136-gdd3b4e8
     0 | D:1      | 0 ||| qw: Game counter: 1293
     0 | D:1      | 0 ||| qw: Melee chars always use a shield: true
     0 | D:1      | 0 ||| qw: God list: Okawaru
     0 | D:1      | 0 ||| qw: Allow faded altars: false
     0 | D:1      | 0 ||| qw: Do Orc after clearing Dungeon:15 true
     0 | D:1      | 0 ||| qw: Do second Lair branch before Depths: true
     0 | D:1      | 0 ||| qw: Lair rune preference: random
     0 | D:1      | 0 ||| qw: Goals: Normal
     0 | D:1      | 0 ||| PLANNING D:1-11
   125 | D:1      | Reached XP level 2. HP: 23/23 MP: 0/0
   562 | D:1      | Reached skill level 4 in Ranged Weapons
   562 | D:1      | Reached XP level 3. HP: 28/28 MP: 0/0
   562 | D:1      | Learned a level 1 spell: Sandblast
   742 | D:1      | 742 ||| READING scroll labelled HEWYSO JUKLU.
   742 | D:1      | 742 ||| ENCHANTING +0 shortbow.
   743 | D:1      | 743 ||| READING 2 scrolls labelled ZUIGRE MARIELL.
   743 | D:1      | 743 ||| IDENTIFYING grey potion
   744 | D:1      | 744 ||| READING scroll of identify.
   744 | D:1      | 744 ||| IDENTIFYING scroll labelled YTRATIAMPI
   745 | D:1      | 745 ||| READING 2 scrolls labelled RAISAR UPIT.
   746 | D:1      | 746 ||| DROPPING scroll of butterflies.
   747 | D:1      | 747 ||| DROPPING scroll of noise.
   768 | D:2      | Noticed Jessica
   772 | D:2      | Killed Jessica
   773 | D:2      | Reached XP level 4. HP: 34/34 MP: 0/0
   785 | D:2      | Reached skill level 3 in Fighting
   820 | D:2      | Found an iron altar of Okawaru.
   821 | D:2      | 821 ||| PLANNING OKAWARU WORSHIP
   827 | D:2      | Became a worshipper of Warmaster Okawaru
   828 | D:2      | 828 ||| PLANNING D:1-11
   998 | D:2      | HP: 8/35 [gnoll/+0 halberd (9)]
   999 | D:2      | HP: 2/35 [gnoll/+0 halberd (6)]
  1001 | D:2      | Reached skill level 3 in Dodging
  1001 | D:2      | Demolished by a gnoll

Levels and vault maps discovered:
D:1:      amcnicky_arrival_gap_in_the_tavern_cellar, layout_loops_ring
D:2:      layout_loops_corners, basic_altar, uniq_crazy_yiuf_cottage,
          uniq_jessica

Skill      XL: |  1  2  3  4 |
---------------+-------------+-----
Ranged Weapons | 4 |  4.0
Fighting       | 3 |  3.0
Dodging        | 3 |  3.1
Stealth        | |  0.7

Action                     |  1- 3 |  4- 6 || total
---------------------------+-------+-------++-------
   Fire: Shortbow          |    40 |    39 ||    79
    Use: Scroll            |     4 |       ||     4
 Armour: Leather armour    |     4 |    10 ||    14
  Dodge: Dodged            |     7 |     6 ||    13

Table legend:
 A = Non-vault XP
 B = Vault XP
 C = Vault XP percentage of total XP
 D = Non-vault monster count
 E = Vault monster count
 F = Vault count percentage of total count
                 A         B        C        D         E       F
            +---------+---------+-------+---------+---------+-------
      Total |      76 |      37 |  32.7 |      29 |       1 |   3.3
            +---------+---------+-------+---------+---------+-------
        D:1 |      32 |       0 |   0.0 |      19 |       0 |   0.0
        D:2 |      44 |      37 |  45.7 |      10 |       1 |   9.1
            +---------+---------+-------+---------+---------+-------
